 Dungeon Crawl Stone Soup version 0.30-a0-187-gd9c2deaf24 (webtiles) character file.

Game seed: 11258271774838854142

109595 Flugkiller the Champion of Chaos (level 16, -2/133 HPs)
             Began as a Mummy Delver on Oct 3, 2022.
             Was the Champion of Makhleb.
             Slain by a black mamba (9 damage)
             ... on level 2 of the Snake Pit.
             The game lasted 00:35:38 (27177 turns).

Flugkiller the Champion of Chaos (Mummy Delver)    Turns: 27177, Time: 00:35:39

Health: -2/133     AC: 21    Str: 16    XL:     16   Next: 5%
Magic:  20/27      EV: 23    Int: 16    God:    Makhleb [******]
Gold:   1835       SH:  0    Dex: 29    Spells: 15/15 levels left

rFire   + . .      SeeInvis .    N - +4 triple sword of Circularity {spect, Will- Int+6}
rCold   . . .      Faith    +    (shield currently unavailable)
rNeg    + + +      Spirit   .    J - +0 fire dragon scales
rPois   ∞          Reflect  .    T - +0 helmet
rElec   .          Harm     .    k - +2 cloak
rCorr   .          Rampage  .    K - +1 pair of gloves {Dex+3}
Will    +....                    C - +2 pair of boots
Stlth   ++........               q - amulet of regeneration
HPRegen 1.22/turn                Q - +6 ring of dexterity
MPRegen 0.20/turn                v - +4 ring of evasion

@: about to teleport, slowed, studying 2 skills, very slow
A: cold resistance 1, negative energy resistance 3, torment resistance 2, heat
vulnerability 1, in touch with death 2, no potions, faith
a: Renounce Religion, Minor Destruction, Lesser Servant of Makhleb, Major
Destruction, Greater Servant of Makhleb


You were on level 2 of the Snake Pit.
You worshipped Makhleb.
Makhleb was exalted by your worship.
You visited 4 branches of the dungeon, and saw 24 of its levels.

You collected 2441 gold pieces.
You spent 606 gold pieces at shops.

Inventory:

Hand Weapons
 G - a +2 scimitar of flaming
   (You took it off an efreet on level 10 of the Dungeon)
 N - the +4 triple sword of Circularity (weapon) {spect, Will- Int+6}
   (You acquired it on level 5 of the Lair of Beasts)

   When its wielder attacks, the weapon's spirit leaps out and strikes again.
   The spirit shares a part of any damage it takes with its wielder.
   Int:       It affects your intelligence (+6).
   Will:      It decreases your willpower.
 O - the +9 dagger of Oreuc {pain, rPois Str-2 Int+2}
   (You found it on level 5 of the Lair of Beasts)

   In the hands of one skilled in necromantic magic, it inflicts extra damage on
   living creatures.
   Str:       It affects your strength (-2).
   Int:       It affects your intelligence (+2).
   rPois:     It protects you from poison.
Missiles
 V - 4 curare-tipped darts (quivered)
Armour
 a - the +2 pair of gloves of Zeumeuj {rC+}
   (You found it on level 10 of the Dungeon)

   rC:        It protects you from cold.
 k - a +2 cloak (worn)
   (You found it on level 7 of the Dungeon)
 C - a +2 pair of boots (worn)
   (You found it on level 4 of the Lair of Beasts)
 J - +0 fire dragon scales (worn)
   (You found it on level 15 of the Dungeon)
 K - a +1 pair of gloves of dexterity (worn)
   (You found it on level 10 of the Dungeon)
 T - a +0 helmet (worn)
   (You found it on level 4 of the Lair of Beasts)
Jewellery
 b - a +6 ring of strength
   (You found it on level 2 of the Snake Pit)
 h - a ring of ice
   (You found it on level 4 of the Dungeon)
 l - a +6 ring of strength
   (You found it on level 2 of the Lair of Beasts)
 m - a ring of willpower
   (You took it off an orc wizard on level 10 of the Dungeon)
 n - a ring of magical power
   (You found it on level 2 of the Dungeon)
 p - a +4 ring of protection
   (You found it on level 5 of the Lair of Beasts)
 q - an amulet of regeneration (around neck)
   (You found it on level 11 of the Dungeon)
 v - a +4 ring of evasion (right hand)
   (You found it on level 2 of the Lair of Beasts)
 F - a ring of fire
   (You took it off a yaktaur on level 10 of the Dungeon)
 Q - a +6 ring of dexterity (left hand)
   (You bought it in a shop on level 10 of the Dungeon)
Wands
 f - a wand of digging (3)
 o - a wand of polymorph (6)
   (You found it on level 2 of the Dungeon)
 u - a wand of paralysis (13)
   (You found it on level 8 of the Dungeon)
 x - a wand of flame (40)
   (You took it off a hobgoblin on level 4 of the Dungeon)
 y - a wand of iceblast (11)
   (You bought it in a shop on level 6 of the Dungeon)
 D - a wand of acid (7)
   (You found it on level 10 of the Dungeon)
Scrolls
 c - 5 scrolls of fog
 d - 6 scrolls of immolation
 i - 2 scrolls of magic mapping
 j - 4 scrolls of enchant weapon
 s - 5 scrolls of amnesia
 t - a scroll of teleportation
 w - 5 scrolls of torment
 B - 5 scrolls of poison
 E - 2 scrolls of summoning
 L - 2 scrolls of vulnerability
 R - 2 scrolls of enchant armour
 S - 2 scrolls of silence
Miscellaneous
 g - a condenser vane
   (You found it on level 10 of the Dungeon)
 A - a piece from Xom's chessboard (15/15)
   (You found it on level 10 of the Dungeon)
 H - a phantom mirror
   (You found it on level 10 of the Dungeon)
 I - a box of beasts
   (You found it on level 10 of the Dungeon)
 P - a tin of tremorstones (2/2)
   (You found it on level 5 of the Lair of Beasts)


   Skills:
 - Level 14.0 Fighting
 + Level 13.1 Long Blades
 - Level 1.5 Polearms
 + Level 7.4 Armour
 - Level 12.3 Dodging
 - Level 4.1 Stealth
 - Level 15.0 Invocations
 - Level 6.0 Evocations


You had 15 spell levels left.
You didn't know any spells.
Your spell library contained the following spells:

 Spells                   Type           Power      Damage    Failure   Level
 Kiss of Death            Conj/Necr      0%         2d5       69%         1
 Magic Dart               Conj           0%         1d3       69%         1
 Call Imp                 Summ           0%         N/A       83%         2
 Confusing Touch          Hex            0%         N/A       96%         3
 Kindle Blastsparks       Fire/Tloc/Air  0%         2d10      96%         3
 Mephitic Cloud           Conj/Pois/Air  0%         N/A       96%         3
 Anguish                  Hex/Necr       0%         N/A       100%        4
 Dispel Undead            Necr           0%         3d6       100%        4
 Leda's Liquefaction      Hex/Erth       0%         N/A       100%        4
 Manifold Assault         Tloc           0%         N/A       100%        4
 Lee's Rapid Deconstruct  Erth           0%         3d5*      100%        5
 Dispersal                Tloc           0%         N/A       100%        6
 Starburst                Conj/Fire      0%         6d3       100%        6
 Disjunction              Tloc           0%         N/A       100%        8
 Ignition                 Fire           0%         3d3       100%        8
 Statue Form              Tmut/Erth      Unusable   N/A       N/A         6

Dungeon Overview and Level Annotations

Branches:
Dungeon (15/15) Zot: 25956  Temple (0/1) D:6            Lair (5/5) D:9 Zot: 24232
  Swamp (0/4) Lair:3        Snake (2/4) Lair:2 Zot: 10803   Slime (0/5) Lair:4
    Orc (2/2) D:12 Zot: 11037     Elf (0/3) Orc:2        Vaults (0/5) D:14
 Depths (0/4) D:15

Altars:
Cheibriados
Dithmenos
Fedhas
Gozag
Hepliaklqana
Makhleb
Nemelex Xobeh
Qazlal
Ru
Trog
Uskayaw
Vehumet
Wu Jian
Xom
Jiyva

Shops:
D:6 **   D:10 =   D:14 *   Orc:2 (*[=

Portals:
Trove: D:15 (give +3 gold dragon scales)

Annotations:
D:7 exclusion: door
D:9 3 runed translucent doors, Inkie2's ghost, journeyman KoBe; Inkie2's ghost, journeyman MeCK; Stoves66's ghost, novice MiFi
Snake:1 1 runed translucent door, Kovve's ghost, adept HuCj


Innate Abilities, Weirdness & Mutations

You are immune to poison.
Your flesh is cold resistant. (rC+)
You are immune to negative energy. (rN+++)
You are immune to unholy pain and torment.
You are vulnerable to heat. (rF-)
You are strongly in touch with the powers of death.
You do not drink.
You have a special connection with the divine. (Faith)


Message History

Your +4 triple sword of Circularity {spect, Will- Int+6} hits the mana viper!!
You kill the mana viper!
Makhleb accepts your kill.
The black mamba bites you but does no damage.
The black mamba barely misses your +4 triple sword of Circularity {spect, Will- Int+6}.
The guardian serpent coils itself and waves its upper body at you.
The bolt of poison misses you. The black mamba bites you.
The black mamba closely misses you.
The guardian serpent casts a spell at you.
The black mamba blinks!
The naga warrior blinks!
The naga ritualist blinks!
The naga warrior blinks!
The black mamba closely misses you. The black mamba completely misses you.
The guardian serpent completely misses you.
You closely miss the naga warrior.
Your +4 triple sword of Circularity {spect, Will- Int+6} fades away.
The black mamba closely misses you. The black mamba completely misses you.
The black mamba misses you. x2
The guardian serpent completely misses you.
The naga ritualist barely misses you. The naga ritualist misses you.
The black mamba bites you but does no damage.
The black mamba barely misses you. The naga warrior barely misses you.
The naga warrior grabs you. The naga warrior constricts you.
The black mamba completely misses you. The guardian serpent barely misses you.
The naga warrior roars a battlecry!
The naga warrior goes into a battle-frenzy!
The naga ritualist closely misses you.
The black mamba bites you but does no damage.
The black mamba misses you. The naga warrior closely misses you.
The naga warrior constricts you. The guardian serpent hits you.
The black mamba barely misses you.
You slice the naga warrior!!
The naga warrior is moderately wounded.
Your +4 triple sword of Circularity {spect, Will- Int+6} hits the naga warrior!!!
The black mamba bites you but does no damage.
The black mamba misses you. The black mamba completely misses you.
The guardian serpent hits you.
The naga warrior hits you with a +0 halberd!!
The black mamba bites you. The black mamba barely misses you.
The naga ritualist spits poison at you.
The splash of poison hits you but does no damage.
You resist. The naga warrior closely misses you.
The naga warrior barely misses your +4 triple sword of Circularity {spect, Will- Int+6}.
The naga warrior constricts you. The black mamba misses you.
The guardian serpent casts a spell at you.
The bolt of poison hits you but does no damage.
You resist.
The bolt of poison hits the naga warrior.
The black mamba barely misses you. The black mamba misses you.
The naga warrior hits you with a +0 halberd!!
* * * LOW HITPOINT WARNING * * *
The naga ritualist hits you with a +0 battleaxe.
* * * LOW HITPOINT WARNING * * *
The naga warrior hits your +4 triple sword of Circularity {spect, Will- Int+6} with a +0 battleaxe!!
Your spectral weapon shares its damage with you!
Your +4 triple sword of Circularity {spect, Will- Int+6} fades away.
The naga warrior hits you with a +0 battleaxe!
* * * LOW HITPOINT WARNING * * *
x2 The naga warrior constricts you.
* * * LOW HITPOINT WARNING * * *
The black mamba bites you but does no damage.
The naga warrior shouts!
Unknown command.
Okay, then.
Unknown command.
Unknown command.
Unknown command.
Unknown command.
Unknown command.
Unknown command.
Unknown command.
Unknown command.
Unknown command.
Unknown command.
Unknown command.
Unknown command.
Unknown command.
Unknown command.
Unknown command.
Unknown command.
Unknown command.
Unknown command.
Blink to where?
Press: ? - help, Dir - move target You escape the naga warrior's grasp.
As you read the scroll of blinking, it crumbles to dust.
Unknown command.
As you read the scroll of teleportation, it crumbles to dust.
You feel strangely unstable.
The naga warrior no longer looks unusually strong.
The naga warrior roars a battlecry!
The naga warrior goes into a battle-frenzy!
The guardian serpent casts a spell at you.
The naga warrior blinks!
The naga ritualist blinks!
The black mamba blinks!
The naga warrior blinks!
The black mamba blinks! x2
Okay, then.
The black mamba bites you but does no damage. x2
The black mamba barely misses you. The black mamba completely misses you.
The naga warrior completely misses you. The black mamba closely misses you.
The black mamba bites you!
You die...

#.....#.......
###!............
#.....§.†.##....
##.........# (
##.............#
#....S.......###
##.........####
###..§.§>..#.#
#..SN@†§..####
##..NNSS...#
##.........##
#.........##
#.......#.#
##........##
#..........#
#.........##
#.........#


You could see 2 naga warriors, a naga ritualist (strong), a guardian serpent and
3 black mambas.

Vanquished Creatures
  A fire dragon (D:15)
  5 hydras
  An ogre mage (D:10)
  Erica (D:8)
  3 centaur warriors
  2 anacondas (Snake:2)
  5 catoblepae
  2 dancing weapons (D:14)
  4 two-headed ogres
  A naga warrior (Snake:2)
  5 boulder beetles
  10 death yaks
  4 tengu warriors
  5 naga sharpshooters
  A shock serpent (Snake:2)
  2 naga ritualists (Snake:1)
  5 mana vipers
  3 orc knights
  2 deep elf pyromancers
  An orc sorcerer (Orc:2)
  A wolf spider (D:10)
  5 cyclopes
  16 ugly things
  5 manticores
  22 slime creatures
  2 salamanders (Snake:1)
  A salamander (shapeshifter) (D:15)
  Maurice (D:11)
  5 elephants (Lair:5)
  A guardian serpent (Snake:1)
  16 black mambas
  4 naga magi (Snake:1)
  7 cane toads
  3 gargoyles (D:12)
  Maggie (D:7)
  5 unseen horrors
  4 rime drakes
  An efreet (D:10)
  A yaktaur (D:10)
  A kobold demonologist (D:10)
  A freezing wraith (D:14)
  4 komodo dragons
  A tengu conjurer (D:14)
  A queen bee (shapeshifter) (D:10)
  4 trolls
  2 meliai
  A polar bear (Lair:5)
  Prince Ribbit (D:8)
  A tyrant leech (Lair:3)
  13 blink frogs
  2 hornets (D:9)
  7 dream sheep (Lair:5)
  A shadow (D:12)
  A centaur simulacrum (D:14)
  A spriggan (shapeshifter) (D:14)
  87 yaks
  A wraith (D:13)
  3 vampires
  7 wyverns
  A yak (shapeshifter) (D:14)
  2 basilisks
  2 vampire mosquitoes
  A steam dragon (D:8)
  A warg (Orc:2)
  2 acid dragons
  8 nagas
  19 water moccasins
  An ice beast (D:7)
  22 orc warriors
  3 ogres
  A black bear (D:6)
  17 wolves
  6 centaurs
  3 kobold brigands
  A phantom (D:5)
  9 bullfrogs
  2 necrophages
  5 scorpions
  8 wights (D:7)
  9 killer bees
  4 howler monkeys
  5 electric eels
  4 bullfrog zombies (D:7)
  A hound (D:6)
  3 jellies
  17 orc priests
  6 iguanas
  20 orc wizards
  A howler monkey zombie (D:7)
  12 adders
  7 gnolls
  2 white imps (D:7)
  An ufetubus (D:4)
  A worm (D:2)
  4 dart slugs
  84 orcs
  9 bats
  14 endoplasms
  4 giant cockroaches
  11 goblins
  8 hobgoblins
  4 jackals (D:1)
  3 quokkas
  3 ball pythons
  4 frilled lizards
  29 kobolds
  4 rats
692 creatures vanquished.

Vanquished Creatures (collateral kills)
  An orc warlord (Orc:2)
  A death yak (Lair:4)
  2 two-headed ogres (D:10)
  Urug (Orc:2)
  An orc high priest (Orc:2)
  2 orc knights (Orc:2)
  2 orc sorcerers (Orc:2)
  A salamander (Snake:1)
  Joseph (D:8)
  A black mamba (Lair:5)
  A torpor snail (Lair:5)
  A yaktaur (D:10)
  A troll (Orc:2)
  A blink frog (Lair:1)
  4 yaks
  A naga (Snake:1)
  An acid dragon (D:7)
  7 orc warriors (Orc:2)
  A centaur (D:10)
  Blork the orc (Orc:2)
  3 orc priests (Orc:2)
  6 orc wizards
  9 orcs
50 creatures vanquished.

Vanquished Creatures (others)
  A fire dragon (D:15)
  A manticore (D:10)
  A howler monkey simulacrum (D:10)
  2 orcs (D:8)
  A bush (D:9)
  17 fungi
  111 plants
  5 withered plants
139 creatures vanquished.

Grand Total: 881 creatures vanquished

Notes
Turn   | Place    | Note
-------+----------+-------------------------------------------
     0 | D:5      | Flugkiller the Mummy Delver began the quest for the Orb.
     0 | D:5      | Reached XP level 1. HP: 18/18 MP: 1/1
   272 | D:1      | Found a faded altar of an unknown god.
   275 | D:1      | Prayed at the altar of an unknown god.
   275 | D:1      | Became a worshipper of Makhleb the Destroyer
   275 | D:1      | Reached * piety under Makhleb
   321 | D:2      | Reached XP level 2. HP: 24/24 MP: 2/2
   846 | D:2      | Gained mutation: You are in touch with the powers of death.
                  | [Mummy growth]
   846 | D:2      | Reached XP level 3. HP: 29/30 MP: 3/3
  1000 | D:1      | Reached ** piety under Makhleb
  1364 | D:1      | Reached XP level 4. HP: 37/38 MP: 4/4
  1611 | D:2      | Reached skill level 5 in Fighting
  1631 | D:2      | Reached *** piety under Makhleb
  1660 | D:2      | Reached skill level 1 in Invocations
  2051 | D:3      | Reached XP level 5. HP: 40/44 MP: 6/6
  2434 | D:3      | Reached skill level 2 in Invocations
  3000 | D:4      | Reached **** piety under Makhleb
  3218 | D:4      | Found a radiant altar of Vehumet.
  3376 | D:4      | Reached XP level 6. HP: 34/53 MP: 7/7
  3640 | D:4      | Found a hazy altar of Hepliaklqana.
  4712 | D:5      | Reached XP level 7. HP: 21/60 MP: 8/8
  5243 | D:6      | Found a staircase to the Ecumenical Temple.
  5389 | D:6      | Reached skill level 1 in Long Blades
  5389 | D:6      | Reached skill level 5 in Dodging
  5389 | D:6      | Reached XP level 8. HP: 42/67 MP: 9/9
  5656 | D:6      | Found Oceirgh's Specific Store.
  5660 | D:6      | Found Apsul's General Store.
  5665 | D:6      | Bought a wand of iceblast (4) for 96 gold pieces
  5867 | D:6      | Reached skill level 3 in Invocations
  6066 | D:6      | Found a sparkling altar of Nemelex Xobeh.
  6260 | D:7      | Reached skill level 4 in Invocations
  6315 | D:7      | Reached ***** piety under Makhleb
  6392 | D:7      | Reached skill level 5 in Invocations
  6440 | D:7      | Identified the +7 rapier "Avolak" {vorpal, +Blink rF+ rC-}
  6611 | D:7      | Found a blossoming altar of Fedhas.
  6668 | D:7      | Reached XP level 9. HP: 55/72 MP: 13/13
  6670 | D:7      | Reached skill level 6 in Invocations
  6984 | D:7      | Found a stormy altar of Qazlal.
  6989 | D:7      | Found a burning altar of Makhleb.
  6989 | D:7      | Found an ornate altar of the Wu Jian Council.
  7005 | D:7      | Found a bloodstained altar of Trog.
  7049 | D:7      | Noticed Maggie
  7056 | D:7      | Killed Maggie
  7370 | D:7      | Noticed a cyclops
  7383 | D:7      | Killed a cyclops
  7384 | D:7      | Reached skill level 5 in Long Blades
  7846 | D:8      | Noticed Prince Ribbit
  7889 | D:8      | Noticed Erica
  7906 | D:8      | Killed Erica
  7907 | D:8      | Reached XP level 10. HP: 64/80 MP: 14/14
  7924 | D:8      | HP: 4/80 [Prince Ribbit (9)]
  8214 | D:8      | Killed Prince Ribbit
  8284 | D:8      | Noticed Joseph
  8922 | D:8      | Found a shimmering altar of Xom.
  8981 | D:8      | Killed Joseph
  9109 | D:8      | Found a hide-covered altar of Uskayaw.
  9620 | D:9      | Reached skill level 10 in Dodging
  9654 | D:9      | Reached XP level 11. HP: 68/86 MP: 15/15
  9655 | D:9      | Identified a scroll of acquirement
 10025 | D:9      | Found a staircase to the Lair.
 10146 | D:9      | Reached ****** piety under Makhleb
 10643 | D:9      | Found a runed translucent gate.
 10651 | D:9      | Found a runed translucent gate.
 10651 | D:9      | Found a runed translucent gate.
 10653 | D:9      | Noticed Inkie2's ghost (journeyman MeCK)
 10653 | D:9      | Noticed Stoves66's ghost (novice MiFi)
 10653 | D:9      | Noticed Inkie2's ghost (journeyman KoBe)
 10706 | D:9      | Found a shadowy altar of Dithmenos.
 10714 | D:9      | Found a sacrificial altar of Ru.
 10729 | D:9      | Found a snail-covered altar of Cheibriados.
 10891 | D:10     | Entered Level 10 of the Dungeon
 11245 | D:10     | Noticed a two-headed ogre
 11264 | D:10     | Killed a two-headed ogre
 11461 | D:10     | Noticed a two-headed ogre
 11476 | D:10     | Killed a two-headed ogre
 11745 | D:10     | Reached skill level 10 in Long Blades
 11935 | D:10     | Noticed a six-headed hydra
 11940 | D:10     | Killed a six-headed hydra
 11999 | D:10     | Noticed a centaur warrior
 12386 | D:10     | Found Cyheuneq's Jewellery Shop.
 12517 | D:10     | Noticed a tengu warrior
 12521 | D:10     | Noticed a wolf spider
 12522 | D:10     | Killed a centaur warrior
 12523 | D:10     | Reached skill level 7 in Invocations
 12523 | D:10     | Reached XP level 12. HP: 44/92 MP: 15/17
 12523 | D:10     | Killed a tengu warrior
 12964 | D:10     | Reached skill level 8 in Invocations
 13484 | D:10     | Noticed an ogre mage
 13579 | D:10     | Identified the +2 pair of gloves of Zeumeuj {rC+}
 13668 | D:10     | Killed an ogre mage
 13669 | D:10     | Reached skill level 9 in Invocations
 13828 | D:10     | Got the Atlas of the Learner
 13880 | D:10     | Acquired a manual of Invocations
 14754 | D:11     | Reached skill level 10 in Invocations
 14846 | D:11     | Noticed Maurice
 14856 | D:11     | Killed Maurice
 14934 | D:11     | Noticed a boulder beetle
 14947 | D:11     | Killed a boulder beetle
 15113 | D:11     | Noticed a boulder beetle
 15150 | D:11     | Killed a boulder beetle
 15151 | D:11     | Reached skill level 10 in Fighting
 15424 | Lair:1   | Entered Level 1 of the Lair of Beasts
 15454 | Lair:1   | Reached skill level 11 in Invocations
 16174 | Lair:1   | Reached skill level 12 in Invocations
 16184 | Lair:1   | Gained mutation: You are strongly in touch with the powers
                  | of death. [Mummy growth]
 16184 | Lair:1   | Reached XP level 13. HP: 104/107 MP: 22/22
 16931 | Lair:2   | Found a staircase to the Snake Pit.
 16938 | Lair:2   | Reached skill level 13 in Invocations
 17890 | Lair:3   | Reached skill level 14 in Invocations
 18067 | Lair:3   | Found a staircase to the Swamp.
 18629 | Lair:4   | Identified the +4 robe of the Accordion {Harm Will+ Slay+2}
 18655 | Lair:4   | Reached skill level 15 in Invocations
 18743 | Lair:4   | Identified the +5 spear of Fear {vorpal, rF+ rC+ Str+3}
 19059 | Lair:4   | Found a staircase to the Slime Pits.
 19060 | Lair:4   | Found a viscous altar of Jiyva.
 19496 | D:10     | Bought a +6 ring of dexterity for 468 gold pieces
 19722 | Lair:4   | Reached skill level 1 in Armour
 19779 | Lair:5   | Entered Level 5 of the Lair of Beasts
 19876 | Lair:5   | Reached skill level 1 in Evocations
 19989 | Lair:5   | Acquired the +4 triple sword of Circularity {spect, Will-
                  | Int+6}
 20085 | Lair:5   | Found a shimmering altar of Xom.
 20091 | Lair:5   | Reached XP level 14. HP: 114/119 MP: 25/25
 20659 | Lair:5   | Identified the +9 dagger of Oreuc {pain, rPois Str-2 Int+2}
 21460 | D:12     | Reached skill level 5 in Evocations
 21582 | D:12     | Found a staircase to the Orcish Mines.
 23215 | D:14     | Found a gate to the Vaults.
 23222 | D:14     | Reached skill level 5 in Armour
 23434 | D:14     | Found Caubad's Assorted Antiques.
 23493 | D:14     | Found an opulent altar of Gozag.
 23508 | D:14     | Reached XP level 15. HP: 123/126 MP: 26/26
 23979 | D:15     | Entered Level 15 of the Dungeon
 23999 | D:15     | Identified the +4 sling of Uraubiw {vorpal, Int+7 Dex-4}
 24242 | D:15     | Found a portal to a secret trove of treasure.
 24685 | D:15     | Found a staircase to the Depths.
 24954 | Orc:1    | Entered Level 1 of the Orcish Mines
 25041 | Orc:2    | Entered Level 2 of the Orcish Mines
 25102 | Orc:2    | Noticed Blork the orc
 25102 | Orc:2    | Noticed Urug
 25129 | Orc:2    | Killed Urug
 25159 | Orc:2    | Killed Blork the orc
 25217 | Orc:2    | Found Vunlel's Jewellery Shop.
 25221 | Orc:2    | Found Oneept Xauh's Antique Armour Shop.
 25345 | Orc:2    | Found Aghyubb's General Store.
 25357 | Orc:2    | Bought a scroll of teleportation for 42 gold pieces
 25502 | Orc:2    | Found a staircase to the Elven Halls.
 25779 | Orc:2    | Found Ocuckiffu's Antique Weapon Shop.
 26008 | Snake:1  | Entered Level 1 of the Snake Pit
 26202 | Snake:1  | Found a shimmering altar of Xom.
 26293 | Snake:1  | Got the Collected Works on Death
 26654 | Snake:1  | Found a runed translucent door.
 26662 | Snake:1  | Noticed Kovve's ghost (adept HuCj)
 26764 | Snake:2  | Found a shadowy altar of Dithmenos.
 27018 | Snake:2  | Reached XP level 16. HP: 58/133 MP: 27/27
 27174 | Snake:2  | HP: 3/133 [naga warrior/+0 battleaxe (11)]
 27174 | Snake:2  | HP: 1/133 [constriction (2)]
 27177 | Snake:2  | Slain by a black mamba

Illustrated notes

Levels and vault maps discovered:
D:1:      spicycebolla_arrival_ecumenical, layout_loops_cross
D:2:      minmay_diamond_boxcup, layout_loops_ring, minmay_tromino_i4
D:3:      layout_loops_cross, columned_hall_lemuel
D:4:      layout_loops_ring, vehumet_altar_wand_db,
          worldfamousw_hep_ancestral_shrine, chequers_serial_rivers_small_3,
          minivault_14
D:5:      layout_gridville
D:6:      nicolae_cairo_tiling_very_big, layout_basic, lemuel_round_altar,
          nicolae_specific_store, reono_crystal_passage
D:7:      cheibrodos_two_vegetables, layout_basic, fedhas_altar_2,
          minmay_overflow_temple_star_hex, serial_undead, serial_undead_a,
          serial_undead_f, serial_undead_a, serial_undead_c, minmay_misc_feat_x,
          small_statue_intersection, uniq_maggie
D:8:      layout_basic, mainiacjoe_overflow_six_doors_small,
          mainiacjoe_overflow_catwalk, serial_bayou_lagoon_a, uniq_erica,
          uniq_prince_ribbit1, uniq_joseph
D:9:      layout_roguey [special_room_orc], grunt_temple_overflow_cloverleaf,
          minmay_lair_entry_grove, gammafunk_ghost_cemetery
D:10:     minmay_the_grid_octo_tiled_squarecenter [minmay_the_grid_octo_clover,
          minmay_the_grid_octo_77, minmay_the_grid_octo_teeth,
          minmay_the_grid_octo_checkered,
          minmay_the_grid_square_5x5_megaprize_open,
          minmay_the_grid_square_5x5_eight, minmay_the_grid_square_5x5_lines,
          minmay_the_grid_square_5x5_n_small,
          minmay_the_grid_square_5x5_trominoes], layout_long_grid, serial_shops,
          shop
D:11:     layout_cave_pods, serial_rivers, chequers_serial_rivers_large_a,
          chequers_serial_rivers_room_a, chequers_serial_rivers_micro_d,
          chequers_serial_rivers_micro_e, chequers_serial_rivers_micro_a,
          chequers_serial_rivers_micro_e, uniq_maurice
D:12:     layout_rooms, orc_0_dummy, st_stairs_7
D:13:     wad_woods_structure_01, layout_layer_cave
D:14:     layout_stronghold, erik_vaults_1, serial_shops,
          nicolae_take_the_stairs, grunt_gozag_statues, serial_column_ruins,
          column_ruins_corridor_dead_end, column_ruins_columns_straight,
          column_ruins_grid_3, column_ruins_corridor_straight,
          column_ruins_open_small, elyvilon_altar_1
D:15:     grunt_enter_depths_hoard, layout_rooms, enter_trove_2,
          nicolae_figureground_pulse, serial_glass, glass_columns_b,
          glass_columns_b, glass_columns_a, glass_columns_a, glass_columns_c,
          glass_columns_b
Lair:1:   layout_gridlike, hibernation_bobbens
Lair:2:   layout_concentric_octagons, guppyfry_snake_entry_garden,
          serial_forest, infiniplex_forest_clump_curved,
          infiniplex_forest_corner_1, infiniplex_forest_lined_2,
          infiniplex_forest_lined_2, infiniplex_forest_lined_3_way,
          infiniplex_forest_straight_1, infiniplex_forest_clump_medium,
          infiniplex_forest_lined_3_way, st_stairs_7
Lair:3:   layout_chaotic_city, minmay_swamp_entry_worms,
          grunt_forest_small_clearings
Lair:4:   layout_hall_layers, slime_entry_1
Lair:5:   evilmike_catoblepas_cave, layout_cave_pods, basic_altar
Snake:1:  layout_basic, basic_altar, ebering_ghost_inner_flame,
          grunt_ministairs_10
Snake:2:  layout_cave_shapes, basic_altar, special_room
Orc:1:    layout_caves, gammafunk_ghost_fury_of_okawaru
Orc:2:    grunt_orc_cross, layout_caves

Skill      XL: |  1  2  3  4  5  6  7  8  9 10 11 12 13 14 15 |
---------------+----------------------------------------------+-----
Fighting       | 4 5 6 7 8 11 13 14 | 14.0
Invocations    | 1 2 5 6 7 12 15 | 15.0
Dodging        | 2 5 6 10 11 12 | 12.3
Long Blades    | 1 6 10 11 13 | 13.1
Armour         | 2 5 7 |  7.4
Evocations     | 2 6 |  6.0
Polearms       | |  1.5
Stealth        | |  4.1

Action                   |  1- 3 |  4- 6 |  7- 9 | 10-12 | 13-15 | 16-18 || total
-------------------------+-------+-------+-------+-------+-------+-------++-------
Melee: Spear             |    86 |       |       |       |       |       ||    86
       Whip              |    92 |   291 |     6 |       |       |       ||   389
       Punch             |     1 |     1 |     1 |     9 |     8 |       ||    20
       Short sword       |       |       |    36 |       |       |       ||    36
       Long sword        |       |       |    10 |       |       |       ||    10
       Rapier            |       |       |    50 |   465 |       |       ||   515
       Scimitar          |       |       |       |   151 |   380 |       ||   531
       Triple sword      |       |       |       |       |   520 |    17 ||   537
Throw: Dart              |       |       |       |     1 |    11 |       ||    12
Invok: Minor Destruction |       |    28 |   201 |   244 |       |       ||   473
       Lesser Servant of |       |       |       |    13 |    13 |       ||    26
       Major Destruction |       |       |       |    40 |     3 |       ||    43
       Greater Servant o |       |       |       |       |     2 |       ||     2
Evoke: Wand              |       |       |     6 |     7 |     2 |       ||    15
       Phantom mirror    |       |       |       |       |     1 |       ||     1
       Condenser vane    |       |       |       |       |     1 |       ||     1
  Use: Scroll            |     2 |     5 |     1 |    15 |     4 |     2 ||    29
 Stab: Sleeping          |    10 |     9 |     1 |     1 |    16 |       ||    37
       Distracted        |     1 |     1 |       |       |    13 |       ||    15
       Petrified         |       |       |       |       |     3 |       ||     3
       Petrifying        |       |       |       |       |     1 |       ||     1
Armor: Leather armour    |    46 |    88 |    27 |       |       |       ||   161
       Steam dragon scal |       |       |    12 |   189 |   159 |       ||   360
       Fire dragon scale |       |       |       |       |    58 |    17 ||    75
Dodge: Dodged            |    88 |   193 |   165 |   657 |  1093 |    62 ||  2258

Table legend: (Time is in decaauts)
 A = Elapsed time spent in this place.
 B = Non-inter-level travel time spent in this place.
 C = Inter-level travel time spent in this place.
 D = Time resting spent in this place.
 E = Time spent auto-exploring this place.
 F = Levels seen in this place.
 G = Mean time per level.
                   A        B        C        D        E       F      G
               +--------+--------+--------+--------+--------+-----+--------+
         Total |  27365 |  25530 |   1835 |   6280 |  12811 |  24 | 1140.2 |
       Dungeon |  19440 |  18402 |   1038 |   5584 |   8433 |  15 | 1296.0 |
          Lair |   5767 |   5065 |    702 |    386 |   3275 |   5 | 1153.4 |
     Snake Pit |   1195 |   1157 |     38 |    303 |    471 |   2 |  597.5 |
  Orcish Mines |    962 |    907 |     55 |      7 |    632 |   2 |  481.0 |
               +--------+--------+--------+--------+--------+-----+--------+

Top non-repeatable levels by time:
    D:10: 3532 daAuts
     D:7: 2150 daAuts
     D:9: 1704 daAuts
  Lair:5: 1374 daAuts
     D:5: 1359 daAuts
    D:13: 1262 daAuts
  Lair:1: 1225 daAuts
  Lair:4: 1122 daAuts
     D:8: 1117 daAuts
    D:11: 1068 daAuts
     D:2: 1067 daAuts
     D:6: 1041 daAuts
     D:4: 1030 daAuts
  Lair:3: 1025 daAuts
  Lair:2: 1019 daAuts
